 Dungeon Sprint DCSS version 0.21.1-1-g345015f (webtiles) character file.

642 Nivano the Blocker (level 7, -1/79 HPs)
             Began as a Troll Fighter on Feb 27, 2018.
             Was an Initiate of Trog.
             Shot with an arrow by a centaur warrior (10 damage)
             ... in the Dungeon (Sprint I: "Red Sonja").
             The game lasted 00:22:56 (347 turns).

Nivano the Blocker (Troll Fighter)                   Turns: 347, Time: 00:22:56

Health: -1/79      AC:  5    Str: 27    XL:     7   Next: 26%
Magic:  0/6        EV: 13    Int:  4    God:    Trog [......]
Gold:   298        SH: 11    Dex:  9    Spells: 6/6 levels left

rFire    + . .     SeeInvis .     - Unarmed
rCold    . . .     Gourm    +   b - +0 shield
rNeg     . . .     Faith    .   s - +0 robe {rF+}
rPois    .         Spirit   +   (helmet restricted)
rElec    .         Reflect  .   (no cloak)
rCorr    .         Harm     .   (gloves unavailable)
MR       .....     NoTele   +   (boots unavailable)
Stlth    +.........             n - amulet of guardian spirit
HPRegen  0.63/turn              (no ring)
MPRegen  0.10/turn              (no ring)

@: no status effects
A: large, unfitting armour, claws 3, fast metabolism 3, gourmand, regeneration
1, shaggy fur 1, tough skin 2
a: Burn Spellbooks, Renounce Religion


You were in the Dungeon.
You worshipped Trog.
Trog was noncommittal.
You were full.

You visited 1 branch You collected 405 gold pieces.
You spent 107 gold pieces at shops.

Inventory:

Hand Weapons
 k - a cursed -3 giant spiked club
 l - a +0 club
 o - a +0 scythe
Armour
 a - a +0 robe
 b - a +0 shield (worn)
 m - a +0 scale mail
 p - a +0 robe
 q - a +0 robe
 s - a +0 robe of fire resistance (worn)
Jewellery
 n - an amulet of guardian spirit (around neck)
Scrolls
 j - a scroll of blinking
Potions
 c - a potion of might
 e - a potion of curing
 g - a potion of haste
 h - 2 potions of magic
Comestibles
 d - 2 rations


   Skills:
 + Level 7.7 Fighting
 + Level 8.1 Dodging
 + Level 0.4 Stealth
 + Level 8.3 Shields
 - Level 2.8 Unarmed Combat


You had 6 spell levels left.
You didn't know any spells.

Dungeon Overview and Level Annotations

Branches:
Dungeon (1/1)

Altars:
Cheibriados
Dithmenos
Elyvilon
Fedhas
Gozag
Hepliaklqana
Kikubaaqudgha
Makhleb
Nemelex Xobeh
Okawaru
Qazlal
Ru
Sif Muna
Trog
Uskayaw
Vehumet
Wu Jian
Xom
Yredelemnul
Zin
The Shining One
Jiyva
Lugonu

Shops:
D [


Innate Abilities, Weirdness & Mutations

You are too large for most types of armour.
You have claws for hands.
Your metabolism is lightning-fast.
You like to eat raw meat.
Your natural rate of healing is unusually fast.
You are covered in fur. (AC +1)
You have very tough skin. (AC +2)


Message History

The centaur warrior is moderately wounded.
The centaur warrior hits you!
The centaur warrior unwields an uncursed shortbow.
The centaur warrior misses you.
You scratch the centaur warrior but do no damage.
The centaur warrior is moderately wounded.
You block the centaur warrior's attack. The centaur warrior closely misses you.
The centaur warrior hits you!
* * * LOW HITPOINT WARNING * * *
You barely miss the centaur warrior.
The centaur warrior is moderately wounded.
The centaur warrior hits you!
* * * LOW HITPOINT WARNING * * *
The centaur warrior closely misses you.
The centaur warrior wields an uncursed shortbow.
The centaur warrior shoots an arrow.
The arrow hits you!
* * * LOW HITPOINT WARNING * * *
The centaur warrior wields an uncursed shortbow.
The centaur warrior shoots an arrow.
The arrow hits you!
You die...

######################
#<.#..'..#..'..#__#..+
#..'..#..'..#..'..'..#
#..#####+#####'#__####
#..####..#...#@####(?#
#..#__####..##(#§§§.c#
#..#_____##'#§cc≈§≈§
#⌠⌠#_.∩...'.§§_#≈≈§§§
####_..__##_.#+##+###
#_____###+# #######


You could see 2 centaur warriors.

Vanquished Creatures
  A slime creature (D)
  Sigmund (D)
  A yak (D)
  An ogre (D)
  A jelly (D)
  Ijyb (D)
6 creatures vanquished.

Notes
Turn   | Place    | Note
-------+----------+-------------------------------------------
     0 | D        | Nivano the Troll Fighter began the quest for the Orb.
     0 | D        | Reached XP level 1. HP: 22/22 MP: 0/0
    12 | D        | Noticed Ijyb
    39 | D        | Killed Ijyb
    39 | D        | Reached XP level 2. HP: 31/31 MP: 1/1
    54 | D        | Noticed an ogre
    63 | D        | Killed an ogre
    63 | D        | Reached XP level 3. HP: 40/40 MP: 2/2
    63 | D        | Reached XP level 4. HP: 49/49 MP: 3/3
    69 | D        | Noticed Sigmund
    81 | D        | Killed Sigmund
    81 | D        | Reached XP level 5. HP: 45/59 MP: 4/4
    99 | D        | Found a deep blue altar of Sif Muna.
   100 | D        | Found an ornate altar of the Wu Jian Council.
   101 | D        | Found a radiant altar of Vehumet.
   104 | D        | Reached XP level 6. HP: 63/68 MP: 5/5
   134 | D        | Found Ossuyb's Antique Armour Emporium.
   134 | D        | Found an ancient bone altar of Kikubaaqudgha.
   134 | D        | Found a hazy altar of Hepliaklqana.
   134 | D        | Found a hide-covered altar of Uskayaw.
   134 | D        | Found a basalt altar of Yredelemnul.
   134 | D        | Found an opulent altar of Gozag.
   134 | D        | Found a snail-covered altar of Cheibriados.
   134 | D        | Found a sacrificial altar of Ru.
   134 | D        | Found a shadowy altar of Dithmenos.
   134 | D        | Noticed a yak
   148 | D        | Killed a yak
   149 | D        | Found a stormy altar of Qazlal.
   149 | D        | Found a blossoming altar of Fedhas.
   149 | D        | Found a bloodstained altar of Trog.
   149 | D        | Found an iron altar of Okawaru.
   149 | D        | Found a glowing golden altar of the Shining One.
   149 | D        | Found a glowing silver altar of Zin.
   149 | D        | Found a white marble altar of Elyvilon.
   153 | D        | Found a sparkling altar of Nemelex Xobeh.
   164 | D        | Became a worshipper of Trog the Wrathful
   167 | D        | Bought a glowing robe for 107 gold pieces
   217 | D        | Found a burning altar of Makhleb.
   217 | D        | Found a viscous altar of Jiyva.
   217 | D        | Found a shimmering altar of Xom.
   217 | D        | Found a corrupted altar of Lugonu.
   217 | D        | Noticed a slime creature
   236 | D        | HP: 2/71 [slime creature (16)]
   268 | D        | Killed a slime creature
   268 | D        | Reached XP level 7. HP: 70/79 MP: 3/6
   286 | D        | Noticed a centaur warrior
   326 | D        | Noticed a centaur warrior
   347 | D        | Shot with an arrow by a centaur warrior

Skill      XL: |  1  2  3  4  5  6 |
---------------+-------------------+-----
Fighting       | 3 4 6 7 |  7.7
Dodging        | 3 4 6 8 |  8.1
Shields        | 3 4 6 8 |  8.3
Stealth        | |  0.4
Unarmed Combat | |  2.8

Action                   |  1- 3 |  4- 6 |  7- 9 || total
-------------------------+-------+-------+-------++-------
Melee: Unarmed           |    34 |    40 |     6 ||    80
  Use: Potion            |       |     2 |       ||     2
  Eat: Chunk             |     1 |     2 |     3 ||     6
Armor: Robe              |     4 |     2 |       ||     6
Dodge: Dodged            |     7 |     9 |     5 ||    21
Block: Shield            |    10 |    14 |     2 ||    26
